 Dungeon Crawl Stone Soup version 0.29.1-4-g47bece8355 (webtiles) character file.

Game seed: 1469759248702132092

990 ChadusMaximus the Thaumaturge (level 7, -2/46 HPs)
             Began as a Mummy Necromancer on Dec 3, 2022.
             Was an Initiate of Yredelemnul.
             Shot with an arrow by a centaur (7 damage)
             ... on level 5 of the Dungeon.
             The game lasted 00:16:19 (5134 turns).

ChadusMaximus the Thaumaturge (Mummy Necromancer)   Turns: 5134, Time: 00:16:20

Health: -2/46      AC:  5    Str: 18    XL:     7   Next: 98%
Magic:  18/18      EV: 12    Int: 16    God:    Yredelemnul [......]
Gold:   266        SH:  0    Dex: 12    Spells: 18/22 levels left

rFire   x . .      SeeInvis .   m - +2 trident (venom)
rCold   + . .      Faith    .   (no shield)
rNeg    + + +      Spirit   .   a - +0 robe
rPois   ∞          Reflect  .   f - +1 helmet
rElec   .          Harm     .   e - +0 cloak
rCorr   .          Rampage  .   (no gloves)
Will    .....                   (no boots)
Stlth   ++........              (no amulet)
HPRegen 0.15/turn               g - +6 ring of strength
MPRegen 0.16/turn               (no ring)

@: no status effects
A: cold resistance 1, negative energy resistance 3, torment resistance 2, heat
vulnerability 1, in touch with death 1, no potions
a: Renounce Religion, Recall Undead Harvest


You were on level 5 of the Dungeon.
You worshipped Yredelemnul.
Yredelemnul was noncommittal.
You visited 2 branches of the dungeon, and saw 6 of its levels.

You collected 266 gold pieces.

Inventory:

Hand Weapons
 b - a +0 spear
 c - a +1 spear of freezing
 m - a +2 trident of venom (weapon)
Armour
 a - a +0 robe (worn)
 e - a +0 cloak (worn)
 f - a +1 helmet (worn)
Jewellery
 g - a +6 ring of strength (left hand)
Scrolls
 d - 3 scrolls of noise {unknown}
 h - 5 scrolls of teleportation {unknown}
 i - 5 scrolls of identify {unknown}
 j - 2 scrolls of poison {unknown}
 k - a scroll of brand weapon {unknown}
 l - a scroll of silence {unknown}
 n - a scroll of blinking {unknown}
 o - a scroll of magic mapping {unknown}
 p - a scroll of butterflies {unknown}


   Skills:
 - Level 1.8 Dodging
 - Level 1.8 Stealth
 * Level 8.1 Spellcasting
 * Level 7.6 Necromancy


You had 18 spell levels left.
You knew the following spells:

 Your Spells              Type           Power      Damage    Failure   Level
a - Necrotise             Necr           100%       1d9       1%          1
b - Vampiric Draining     Necr           46%        2d9       1%          3

Your spell library contained the following spells:

 Spells                   Type           Power      Damage    Failure   Level
 Summon Small Mammal      Summ           24%        N/A       11%         1
 Agony                    Necr           46%        N/A       14%         5
 Call Canine Familiar     Summ           6%         N/A       32%         3
 Confusing Touch          Hex            6%         N/A       32%         3
 Dazzling Flash           Conj/Hex       12%        N/A       32%         3
 Portal Projectile        Hex/Tloc       12%        N/A       32%         3
 Summon Guardian Golem    Hex/Summ       6%         N/A       32%         3
 Tukima's Dance           Hex            6%         N/A       32%         3
 Iskenderun's Mystic Bla  Conj/Tloc      6%         2d4       73%         4
 Passage of Golubria      Tloc           6%         N/A       73%         4
 Silence                  Hex/Air        3%         N/A       97%         5
 Starburst                Conj/Fire      3%         6d3       100%        6
 Lehudib's Crystal Spear  Conj/Erth      3%         10d2      100%        8
 Animate Dead             Necr           Unusable   N/A       N/A         4

Dungeon Overview and Level Annotations

Branches:
Dungeon (5/15)             Temple (1/1) D:4

Altars:
Ashenzari
Yredelemnul

Annotations:
D:5 Pikel


Innate Abilities, Weirdness & Mutations

You are immune to poison.
Your flesh is cold resistant. (rC+)
You are immune to negative energy. (rN+++)
You are immune to unholy pain and torment.
You are vulnerable to heat. (rF-)
You are in touch with the powers of death.
You do not drink.


Message History

You puncture the lemure!
You kill the lemure!
That felt strangely unrewarding.
Your scorpion zombie hits the lemure but does no damage.
A lemure comes into view.
Your scorpion zombie closely misses the lemure.
Pikel hits your scorpion zombie with a +2 whip of electrocution.
Your scorpion zombie hits the lemure.
The lemure barely misses your scorpion zombie.
Something hits your scorpion zombie.
Your scorpion zombie closely misses Pikel.
Pikel hits your scorpion zombie with a +2 whip of electrocution.
A dart slug comes into view.
A centaur comes into view.
The centaur wields a +0 shortbow.
The centaur shoots an arrow.
The arrow closely misses you.
The arrow hits the lemure!
The centaur shoots an arrow.
The arrow hits you.
The centaur shoots an arrow.
The arrow hits you!
* * * LOW HITPOINT WARNING * * *
Something hits your scorpion zombie! The dart slug launches a dart at you.
The slug dart misses you.
The centaur shoots an arrow.
The arrow hits you.
* * * LOW HITPOINT WARNING * * *
Your scorpion zombie hits Pikel but does no damage.
The centaur unwields a +0 shortbow.
The centaur hits you.
* * * LOW HITPOINT WARNING * * *
The centaur barely misses you.
Pikel hits your scorpion zombie with a +2 whip of electrocution!
The centaur hits you but does no damage.
The centaur barely misses you. The dart slug launches a dart at you.
The slug dart hits you.
* * * LOW HITPOINT WARNING * * *
The centaur wields a +0 shortbow.
The centaur shoots an arrow.
The arrow hits you.
* * * LOW HITPOINT WARNING * * *
The centaur shoots an arrow.
The arrow hits you!
You die...
Yredelemnul claims you as an undead slave.

##### ##### #
#####..(#########...#
.#...#.#!............# #.
..#.#..)#########...# #..
#..##.#>..# ##.## ...
#.......#.### #.#
...+##..@........# #.#
#...#..####.##.# #.# .. #.
#....5c# #.##.# #.## ...##.
#....w5# #.##.# #... K...#.
#......# #.##.#####.##
..#...#####...#..# #..........#
. #'.....'##.Z## #..........#
.#.#!#.....#Z#.K.#####.#.#####.#
...###.K...###.....###.#.## #.##


You could see Pikel, 2 lemures, a centaur, a dart slug and a friendly scorpion
zombie.

Vanquished Creatures
  An ogre (D:4)
  A centaur (D:5)
  A lemure (D:5)
  Blork the orc (D:4)
  3 scorpions
  2 jellies
  A gnoll bouda (D:3)
  2 hounds (D:4)
  Terence (D:3)
  2 iguanas (D:5)
  10 gnolls
  6 adders
  A white imp (D:5)
  8 dart slugs
  An orc (D:3)
  10 endoplasms
  2 giant cockroaches
  10 goblins
  10 hobgoblins
  6 jackals
  8 kobolds
  2 quokkas
  4 ball pythons
  3 bats
  8 frilled lizards
  8 rats
  A spectral hobgoblin (D:1)
113 creatures vanquished.

Vanquished Creatures (collateral kills)
  An ice beast (D:5)
  A gnoll (D:4)
  An endoplasm (D:3)
  A giant cockroach (D:4)
  A frilled lizard (D:1)
5 creatures vanquished.

Vanquished Creatures (others)
  An ogre zombie (D:4)
  An iguana zombie (D:5)
  A spectral white imp (D:5)
  A dart slug zombie (D:4)
  4 toadstools (D:5)
8 creatures vanquished.

Grand Total: 126 creatures vanquished

Notes
Turn   | Place    | Note
-------+----------+-------------------------------------------
     0 | D:1      | ChadusMaximus the Mummy Necromancer began the quest for the
                  | Orb.
     0 | D:1      | Reached XP level 1. HP: 13/13 MP: 4/4
    70 | D:1      | Found a faded altar of an unknown god.
   282 | D:1      | Reached XP level 2. HP: 19/19 MP: 3/5
   357 | D:1      | Reached skill level 3 in Spellcasting
   456 | D:1      | Gained mutation: You are in touch with the powers of death.
                  | [Mummy growth]
   456 | D:1      | Reached XP level 3. HP: 18/24 MP: 2/7
  1513 | D:2      | Reached skill level 4 in Spellcasting
  1513 | D:2      | Reached XP level 4. HP: 30/30 MP: 7/10
  2173 | D:3      | Reached skill level 5 in Necromancy
  2292 | D:3      | Noticed Terence
  2298 | D:3      | Killed Terence
  2299 | D:3      | Reached XP level 5. HP: 35/35 MP: 6/12
  2436 | D:3      | Reached skill level 5 in Spellcasting
  3237 | D:3      | Reached XP level 6. HP: 38/41 MP: 9/14
  3592 | D:4      | Noticed Blork the orc
  3598 | D:4      | Reached skill level 6 in Spellcasting
  3608 | D:4      | Killed Blork the orc
  3792 | D:4      | Found a staircase to the Ecumenical Temple.
  3812 | Temple   | Entered the Ecumenical Temple
  3836 | Temple   | Became a worshipper of Yredelemnul the Dark
  3894 | D:4      | Reached XP level 7. HP: 20/46 MP: 7/17
  3897 | D:4      | Reached * piety under Yredelemnul
  4097 | D:4      | Identified the +3 rapier of Emixt {antimagic, Dex+4 Stlth+}
  4202 | D:4      | Reached skill level 7 in Spellcasting
  4211 | D:4      | Got Qimpuen's Handbook of Glamour
  4635 | D:5      | Entered Level 5 of the Dungeon
  4674 | D:5      | Learned a level 3 spell: Vampiric Draining
  5092 | D:5      | Reached skill level 8 in Spellcasting
  5112 | D:5      | Noticed Pikel
  5134 | D:5      | Shot with an arrow by a centaur

Illustrated notes

Levels and vault maps discovered:
D:1:      dpeg_arrival_rhombus, layout_rooms,
          dreamdust_ecumenical_altar_drowned_temple,
          chequers_serial_rivers_micro_b
D:2:      layout_loops_ring
D:3:      layout_basic, grunt_ministairs_14, minmay_quadrilaterals, uniq_terence
D:4:      layout_cave_pools, minmay_temple_entry_tees, minmay_unequal,
          uniq_blork_the_orc
D:5:      layout_loops_ring, minmay_gold_behind_fungi,
          minmay_fractal_squares_diagonal_5, uniq_pikel
Temple:   jpeg_temple_clearing

Skill      XL: |  1  2  3  4  5  6  7 |
---------------+----------------------+-----
Spellcasting   | 3 4 5 6 8 |  8.1
Necromancy     | 5 6 7 |  7.6
Dodging        | |  1.8
Stealth        | |  1.8

Action                   |  1- 3 |  4- 6 |  7- 9 || total
-------------------------+-------+-------+-------++-------
Melee: Spear             |    18 |     7 |       ||    25
       Trident           |       |     2 |     6 ||     8
 Cast: Necrotise         |    60 |   122 |    54 ||   236
       Vampiric Draining |       |       |     2 ||     2
Invok: Recall Undead Har |       |       |     1 ||     1
 Stab: Sleeping          |     1 |       |     1 ||     2
Armor: Robe              |     7 |    15 |    18 ||    40
Dodge: Dodged            |    16 |    41 |    28 ||    85
